 Dungeon Crawl Stone Soup version 0.23.2-1-ga50397a6bc (webtiles) character file.

Game seed: 1663568673488259413

3620 Gordogan the Cleaver (level 9, -2/82 HPs)
             Began as a Minotaur Berserker on May 9, 2019.
             Was a Priest of Trog.
             Slain by an unseen horror (10 damage)
             ... on level 10 of the Dungeon on May 10, 2019.
             The game lasted 01:15:35 (7511 turns).

Gordogan the Cleaver (Minotaur Berserker)           Turns: 7511, Time: 01:15:36

Health: -2/82      AC: 12    Str: 25    XL:     9   Next: 86%
Magic:  11/11      EV: 10    Int:  4    God:    Trog [***...]
Gold:   403        SH:  8    Dex: 10    Spells: 12/12 levels left

rFire    + + .     SeeInvis .   a - +1 war axe
rCold    . . .     Gourm    +   P - +0 shield
rNeg     + . .     Faith    .   R - +0 ring mail {rF+}
rPois    .         Spirit   .   (helmet restricted)
rElec    .         Reflect  .   N - +2 cloak {MR+}
rCorr    .         Harm     .   I - +0 pair of gloves
MR       +....                  t - +0 pair of boots
Stlth    ++........             E - amulet of the gourmand
HPRegen  0.23/turn              g - ring of positive energy
MPRegen  0.12/turn              H - ring of protection from fire

@: no status effects
A: retaliatory headbutt, horns 2
a: Berserk, Trog's Hand, Renounce Religion


You were on level 10 of the Dungeon.
You worshipped Trog.
Trog was most pleased with you.
You were completely stuffed.

You visited 2 branches of the dungeon, and saw 11 of its levels.

You collected 499 gold pieces.
You spent 96 gold pieces at shops.

Inventory:

Hand Weapons
 a - a +1 war axe (weapon)
 b - a +1 hunting sling
 i - a +1 short sword of venom
 w - a +2 falchion of flaming
 G - a +2 whip of electrocution
 M - a +2 quarterstaff of chaos
 O - a +2 long sword of holy wrath
Missiles
 e - 127 sling bullets
 j - 251 stones (quivered)
Armour
 t - a +0 pair of boots (worn)
 I - a +0 pair of gloves (worn)
 N - a +2 cloak of magic resistance (worn)
 P - a +0 shield (worn)
 R - a +0 ring mail of fire resistance (worn)
Jewellery
 g - a ring of positive energy (left hand)
 m - an uncursed ring of protection from magic
 v - an uncursed ring of protection from magic
 E - an amulet of the gourmand (around neck)
 H - a ring of protection from fire (right hand)
Wands
 f - a wand of random effects (57)
 h - a wand of iceblast (12)
 o - a wand of paralysis (8)
 C - a wand of polymorph (20)
 K - a wand of flame (30)
Scrolls
 q - 5 scrolls of teleportation
 r - a scroll of fog
 F - 5 scrolls of remove curse
Potions
 d - 4 potions of haste
 k - 2 potions of agility
 n - 3 potions of lignification
 p - 3 potions of might
 s - 2 potions of resistance
 u - 2 potions of curing
 x - a potion of invisibility
 z - a potion of flight
 A - a potion of magic {unknown}
 D - a potion of ambrosia {unknown}
 J - a potion of brilliance
 L - a potion of heal wounds {unknown}
Miscellaneous
 l - a lightning rod (4/4)
Comestibles
 c - 16 rations


   Skills:
 + Level 8.3 Fighting
 + Level 10.2 Axes
 + Level 5.3(5.9) Slings
 + Level 3.4(4.7) Throwing
 + Level 7.0 Armour
 + Level 5.9 Dodging
 + Level 3.7 Stealth
 + Level 0.6 Shields
 + Level 3.8 Unarmed Combat
 + Level 2.3 Spellcasting


You had 12 spell levels left.
You didn't know any spells.
Your spell library contained the following spells:

 Spells                   Type           Power        Failure   Level  Hunger
 Corona                   Hex            #......      99%         1    ##.....
 Infusion                 Chrm           #...         99%         1    ##.....
 Summon Small Mammal      Summ           #...         99%         1    ##.....
 Call Imp                 Summ           #.......     99%         2    ###....
 Ensorcelled Hibernation  Hex/Ice        #.....       99%         2    ###....
 Shroud of Golubria       Chrm/Tloc      #.........   99%         2    ###....
 Song of Slaying          Chrm           #.......     99%         2    ###....
 Call Canine Familiar     Summ           #.......     100%        3    ####...
 Confuse                  Hex            #.......     100%        3    ####...
 Dazzling Spray           Conj/Hex       #.....       100%        3    ####...
 Regeneration             Chrm/Necr      #.........   100%        3    ####...
 Spectral Weapon          Hex/Chrm       #.......     100%        3    ####...
 Summon Guardian Golem    Hex/Summ       #.......     100%        3    ####...
 Tukima's Dance           Hex            #.......     100%        3    ####...
 Summon Ice Beast         Ice/Summ       #.......     100%        4    #####..
 Summon Lightning Spire   Summ/Air       #.......     100%        4    #####..


Dungeon Overview and Level Annotations

Branches:
Dungeon (10/15)            Temple (1/1) D:4
   Lair: D:8-11         Orc: D:9-12

Altars:
Ashenzari
Cheibriados
Dithmenos
Elyvilon
Fedhas
Gozag
Hepliaklqana
Kikubaaqudgha
Makhleb
Nemelex Xobeh
Okawaru
Qazlal
Ru
Sif Muna
Trog
Uskayaw
Vehumet
Wu Jian
Xom
Yredelemnul
Zin
The Shining One

Shops:
D:7 =!**


Innate Abilities, Weirdness & Mutations

You reflexively headbutt those who attack you in melee.
You have a pair of horns on your head.


Message History

* * * LOW HITPOINT WARNING * * *
You swing at nothing.
You swing at nothing.
You swing at nothing.
Something hits you but does no damage.
Throwing (i - inventory)
j - 252 stones (quivered)
Press: ? - help, Shift-Dir - straight line You throw a stone.
Something hits you but does no damage. Something hits you.
* * * LOW HITPOINT WARNING * * *
There is an open door here.
Something hits you but does no damage.
You see here a stone.
Something hits you!
* * * LOW HITPOINT WARNING * * *
Something hits you but does no damage.
You hit something. Something hits you.
* * * LOW HITPOINT WARNING * * *
Something hits you!
You die...

...........#
...........#
...........#
...........#
...........#
...........#
.......<...# .
.....###'###....
.... +.(@.......
... #..........
.. #....###... .
#....# .. #.....
#...... #...####
#...#


There were no monsters in sight!

Vanquished Creatures
  2 hippogriffs
  A wyvern (D:6)
  A yak (D:9)
  2 water moccasins
  A hornet zombie (D:10)
  A sky beast (D:10)
  4 ogres
  A phantom (D:7)
  A centaur (D:5)
  2 crocodiles (D:9)
  A big kobold (D:7)
  6 bullfrogs
  A wyvern skeleton (D:8)
  A scorpion (D:6)
  4 wights (D:6)
  4 howler monkeys
  2 crimson imps
  2 bullfrog zombies
  4 orc priests
  2 hounds
  A centaur skeleton (D:10)
  Crazy Yiuf (D:7)
  4 bullfrog skeletons
  3 orc wizards
  2 worker ants
  2 hound skeletons
  A worker ant zombie (D:5)
  5 adders
  12 gnolls
  A shadow imp (D:7)
  An ooze (D:5)
  3 worms
  4 dart slugs
  5 leopard geckos
  29 orcs
  A ball python (D:1)
  8 giant cockroaches
  13 goblins
  18 hobgoblins
  6 jackals
  13 kobolds
  6 quokkas
  10 bats
  6 frilled lizards
  A giant cockroach zombie (D:5)
  7 rats
206 creatures vanquished.

Vanquished Creatures (others)
  An iguana (D:5)
  A worm (D:5)
  A leopard gecko (D:5)
  2 orcs (D:5)
  A giant cockroach (D:5)
6 creatures vanquished.

Grand Total: 212 creatures vanquished

Notes
Turn   | Place    | Note
-------+----------+-------------------------------------------
     0 | D:1      | Gordogan the Minotaur Berserker began the quest for the
                  | Orb.
     0 | D:1      | Reached XP level 1. HP: 19/19 MP: 0/0
   186 | D:1      | Reached XP level 2. HP: 24/27 MP: 1/1
   198 | D:1      | Reached skill level 4 in Axes
   431 | D:1      | Reached ** piety under Trog
   431 | D:1      | Reached XP level 3. HP: 33/33 MP: 2/2
  1132 | D:2      | Found an opulent altar of Gozag.
  1139 | D:2      | Reached XP level 4. HP: 36/41 MP: 3/3
  1143 | D:2      | Found an ancient bone altar of Kikubaaqudgha.
  1454 | D:2      | Reached skill level 6 in Axes
  1454 | D:2      | Reached skill level 5 in Armour
  1454 | D:2      | Reached XP level 5. HP: 51/51 MP: 3/7
  2307 | D:4      | Found a blossoming altar of Fedhas.
  2372 | D:4      | Reached XP level 6. HP: 58/58 MP: 8/8
  2751 | D:4      | Found a staircase to the Ecumenical Temple.
  2799 | Temple   | Entered the Ecumenical Temple
  2915 | D:5      | Entered Level 5 of the Dungeon
  3394 | D:5      | Got a shimmering robe
  3407 | D:5      | Identified the cursed +0 robe of the Postmodern Friends
                  | {+Inv Str-2 Int+8 Stlth-} (You found it on level 5 of the
                  | Dungeon)
  3436 | D:5      | Reached XP level 7. HP: 59/64 MP: 9/9
  3486 | D:5      | Reached skill level 7 in Axes
  3508 | D:5      | Found a shimmering altar of Xom.
  3775 | D:6      | Reached skill level 5 in Dodging
  4104 | D:6      | Reached skill level 5 in Slings
  4343 | D:6      | Noticed a wyvern
  4355 | D:6      | Killed a wyvern
  4355 | D:6      | Reached skill level 8 in Axes
  4355 | D:6      | Reached XP level 8. HP: 50/73 MP: 10/10
  4642 | D:6      | Found a faded altar of an unknown god.
  4642 | D:6      | Found a bloodstained altar of Trog.
  4647 | D:6      | Found a shadowy altar of Dithmenos.
  4649 | D:6      | Found a sacrificial altar of Ru.
  4652 | D:6      | Found a hazy altar of Hepliaklqana.
  5012 | D:7      | Found Esuubluo's General Store.
  5042 | D:7      | Bought a potion of brilliance for 48 gold pieces
  5042 | D:7      | Bought a scroll of identify for 24 gold pieces
  5042 | D:7      | Bought a scroll of identify for 24 gold pieces
  5059 | D:7      | Found Kajoibbu's Jewellery Shop.
  5109 | D:7      | Found Bemnaan's General Store.
  5139 | D:7      | Noticed a hippogriff
  5153 | D:7      | Killed a hippogriff
  5253 | D:7      | Found Oshi Yna's Distillery.
  5333 | D:7      | Found a runed translucent door.
  5335 | D:7      | Noticed Crazy Yiuf
  5340 | D:7      | Killed Crazy Yiuf
  5340 | D:7      | Reached skill level 9 in Axes
  5393 | D:7      | Reached *** piety under Trog
  5427 | D:7      | Reached XP level 9. HP: 66/81 MP: 11/11
  5451 | D:7      | Found a flagged portal.
  6045 | D:8      | Received a gift from Trog
  6891 | D:9      | Reached skill level 10 in Axes
  7467 | D:10     | Entered Level 10 of the Dungeon
  7511 | D:10     | Slain by an unseen horror

Skill      XL: |  1  2  3  4  5  6  7  8  9 |
---------------+----------------------------+-----
Fighting       | 4 6 7 8 |  8.3
Axes           | 4 6 8 9 10 | 10.2
Slings         | 4 5 |  5.3
Throwing       | 3 |  3.4
Armour         | 5 6 7 |  7.0
Dodging        | 4 5 |  5.9
Stealth        | 3 |  3.7
Unarmed Combat | 3 |  3.8
Spellcasting   | 2 |  2.3
Shields        | |  0.6

Action                   |  1- 3 |  4- 6 |  7- 9 || total
-------------------------+-------+-------+-------++-------
Melee: Hand axe          |    79 |    51 |       ||   130
       Headbutt          |    13 |    13 |    62 ||    88
       Punch             |       |     1 |     1 ||     2
       War axe           |       |    21 |   282 ||   303
 Fire: Hunting sling     |    12 |    86 |     3 ||   101
Throw: Stone             |       |       |     1 ||     1
Invok: Trog's Hand       |       |       |     1 ||     1
Evoke: Wand              |       |       |     3 ||     3
  Use: Scroll            |       |    14 |     8 ||    22
       Potion            |       |     1 |       ||     1
  Eat: Chunk             |     1 |     3 |    24 ||    28
       Ration            |       |     1 |     1 ||     2
Armor: Animal skin       |    10 |       |       ||    10
       Leather armour    |     7 |     6 |       ||    13
       Ring mail         |       |     3 |    43 ||    46
       Scale mail        |       |     6 |    88 ||    94
       Robe              |       |     1 |     3 ||     4
Dodge: Dodged            |    53 |    53 |   145 ||   251
Block: Shield            |       |       |    43 ||    43
